UAA
CHESAPEAKE CONTINENTALS @ REMSEN ALPHAS
08/13/2017
 
TOP OF THE 1ST
Chesapeake Continentals batting - Pitching for Remsen Alphas : LHP Jim Unknown
Pitching: LHP Jim Unknown
Batting: RHB Gustavo Varela 0-0: Called Strike
0-1: Foul Ball, location: 2F
0-2: Ball
1-2: Ball
2-2: Strikes out swinging
Batting: RHB Roger Lakes 0-0: Called Strike
0-1: Ball
1-1: Ball
2-1: Swinging Strike
2-2: Ground out 4-3 (Groundball, 34)
Batting: RHB Brandon Reed 0-0: Fly out, F6 (Popup, 56)
Top of the 1st over - 0 run(s), 0 hit(s), 0 error(s), 0 left on base; Chesapeake 0 - Remsen 0
BOTTOM OF THE 1ST
Remsen Alphas batting - Pitching for Chesapeake Continentals : RHP Jim Unknown
Pitching: RHP Jim Unknown
Batting: SHB Ed Garner 0-0: Ball
1-0: Ball
2-0: Ball
3-0: Called Strike
3-1: Called Strike
3-2: Foul Ball, location: 2F
3-2: SINGLE (Line Drive, 8RS)
Batting: RHB Keith Blackwell 0-0: Ball
1-0: Swinging Strike
1-1: Hit by Pitch
Ed Garner to second
Pinch Runner at 1st Jim Unknown:
Batting: RHB Marc Pratt 0-0: Ball
1-0: Fly out, F7 (Popup, 6D)
Batting: SHB Todd Hill 0-0: Ball
1-0: Grounds into double play, 4-6-3 (Groundball, 4)
Bottom of the 1st over - 0 run(s), 1 hit(s), 0 error(s), 1 left on base; Chesapeake 0 - Remsen 0
TOP OF THE 2ND
Chesapeake Continentals batting - Pitching for Remsen Alphas : LHP Jim Unknown
Batting: LHB John Robertson 0-0: Called Strike
0-1: Ball
1-1: Fly out, F4 (Popup, 4M)
Batting: RHB Roy Williams 0-0: Ball
1-0: Called Strike
1-1: Foul Ball, location: 2F
1-2: Foul Ball, location: 2F
1-2: Foul Ball, location: 2F
1-2: Ball
2-2: SINGLE (Groundball, 56D)
Batting: LHB Thomas Campbell 0-0: Ball
1-0: Ball
2-0: Ball
3-0: Called Strike
3-1: Base on Balls
Roy Williams to second
Batting: LHB Munemori Ohara 0-0: Foul Ball, location: 2F
0-1: Foul Ball, location: 2F
0-2: Ball
1-2: Strikes out swinging
Batting: RHB Kirk Wells 0-0: Ball
1-0: Foul Ball, location: 2F
1-1: Ball
2-1: Foul Ball, location: 2F
2-2: SINGLE (Groundball, 6MD)
Roy Williams to third
Thomas Campbell to second
Runner from 3rd tries for Home, SAFE, no throw or cutoff
Batting: SHB Tim Roberts 0-0: Ball
1-0: Ball
2-0: Ball
3-0: Called Strike
3-1: Foul Ball, location: 2F
3-2: SINGLE (Line Drive, 6D)
Thomas Campbell to third
Kirk Wells to second
Thomas Campbell scores
Kirk Wells to third
Batting: RHB Gustavo Varela Pickoff Throw to First - Error! E1
Kirk Wells scores
Tim Roberts to second
0-0: Fly out, F8 (Flyball, 89D)
Top of the 2nd over - 3 run(s), 3 hit(s), 1 error(s), 1 left on base; Chesapeake 3 - Remsen 0
BOTTOM OF THE 2ND
Remsen Alphas batting - Pitching for Chesapeake Continentals : RHP Jim Unknown
Batting: RHB Thatcher González 0-0: Ball
1-0: Ball
2-0: Fly out, F7 (Flyball, 78D)
Batting: RHB Bryan Wilson 0-0: Foul Ball, location: 2F
0-1: Ball
1-1: Ground out 6-3 (Groundball, 6M)
Batting: RHB Luke Turner 0-0: Called Strike
0-1: Called Strike
0-2: SINGLE (Groundball, 56D)
Batting: RHB Hank Wilder 0-0: Swinging Strike
0-1: Ball
1-1: Swinging Strike
1-2: Foul Ball, location: 2F
1-2: Fly out, F8 (Flyball, 8LM)
Bottom of the 2nd over - 0 run(s), 1 hit(s), 0 error(s), 1 left on base; Chesapeake 3 - Remsen 0
TOP OF THE 3RD
Chesapeake Continentals batting - Pitching for Remsen Alphas : LHP Jim Unknown
Batting: RHB Roger Lakes 0-0: Foul Ball, location: 2F
0-1: Ball
1-1: Reached on error, E6 (Groundball, 6)
Batting: RHB Brandon Reed 0-0: Called Strike
0-1: Ball
1-1: Ball
2-1: DOUBLE (Line Drive, 9LM)
Roger Lakes to third
Batting: LHB John Robertson 0-0: Called Strike
0-1: Ball
Wild Pitch!
Roger Lakes scores
Brandon Reed to third
1-1: Fly out, F9 (Flyball, 89M)
Runner from 3rd tags up, SCORES, no throw
Batting: RHB Roy Williams 0-0: Ball
1-0: Ball
2-0: Ball
3-0: Base on Balls
Batting: LHB Thomas Campbell 0-0: Ball
1-0: Swinging Strike
1-1: Ball
2-1: Foul Ball, location: 2F
2-2: SINGLE (Groundball, 34D)
Roy Williams to second
Runner from 2nd tries for 3rd, SAFE, throw made to third
Batting: LHB Munemori Ohara 0-0: Foul Ball, location: 2F
0-1: Foul Ball, location: 2F
0-2: Strikes out swinging
Batting: RHB Kirk Wells 0-0: Called Strike
0-1: Foul Ball, location: 2F
0-2: Ball
1-2: Strikes out swinging
Top of the 3rd over - 2 run(s), 2 hit(s), 1 error(s), 2 left on base; Chesapeake 5 - Remsen 0
BOTTOM OF THE 3RD
Remsen Alphas batting - Pitching for Chesapeake Continentals : RHP Jim Unknown
Batting: LHB Jerry Mitchell 0-0: Ball
1-0: Ball
2-0: Ground out 2-3 (Groundball, 23)
Batting: SHB Ed Garner 0-0: Ball
1-0: Foul Ball, location: 2F
1-1: Foul Ball, location: 2F
1-2: Foul Ball, location: 2F
1-2: Ball
2-2: Fly out, F9 (Flyball, 9M)
Batting: LHB Jim Unknown 0-0: Called Strike
0-1: Foul Ball, location: 2F
0-2: Ball
1-2: Fly out, F9 (Line Drive, 89M)
Bottom of the 3rd over - 0 run(s), 0 hit(s), 0 error(s), 0 left on base; Chesapeake 5 - Remsen 0
TOP OF THE 4TH
Chesapeake Continentals batting - Pitching for Remsen Alphas : LHP Jim Unknown
Batting: SHB Tim Roberts 0-0: Ball
1-0: Ball
2-0: Foul Ball, location: 2F
2-1: Ball
3-1: Foul Ball, location: 2F
3-2: Ground out 6-3 (Groundball, 6)
Batting: RHB Gustavo Varela 0-0: Swinging Strike
0-1: Ball
1-1: Foul Ball, location: 2F
1-2: Ball
2-2: Ground out 4-3 (Groundball, 6M)
Batting: RHB Roger Lakes 0-0: Ground out 6-3 (Groundball, 6)
Top of the 4th over - 0 run(s), 0 hit(s), 0 error(s), 0 left on base; Chesapeake 5 - Remsen 0
BOTTOM OF THE 4TH
Remsen Alphas batting - Pitching for Chesapeake Continentals : RHP Jim Unknown
Batting: RHB Marc Pratt 0-0: Called Strike
0-1: Foul Ball, location: 2F
0-2: Ball
1-2: Ball
2-2: Ball
3-2: Strikes out swinging
Batting: SHB Todd Hill 0-0: Ball
1-0: Called Strike
1-1: Called Strike
1-2: Ground out 4-3 (Groundball, 4)
Batting: RHB Thatcher González 0-0: SINGLE (Line Drive, 89M)
Batting: RHB Bryan Wilson 0-0: Called Strike
0-1: Called Strike
0-2: Strikes out swinging
Bottom of the 4th over - 0 run(s), 1 hit(s), 0 error(s), 1 left on base; Chesapeake 5 - Remsen 0
TOP OF THE 5TH
Chesapeake Continentals batting - Pitching for Remsen Alphas : LHP Jim Unknown
Batting: RHB Brandon Reed 0-0: Ball
1-0: Fly out, F7 (Flyball, 78M)
Batting: LHB John Robertson 0-0: Called Strike
0-1: Ball
1-1: Called Strike
1-2: SINGLE (Flyball, 9LS) - OUT at second base trying to stretch hit.
Batting: RHB Roy Williams 0-0: Foul Ball, location: 2F
0-1: Called Strike
0-2: Fly out, F9 (Flyball, 9M)
Top of the 5th over - 0 run(s), 1 hit(s), 0 error(s), 0 left on base; Chesapeake 5 - Remsen 0
BOTTOM OF THE 5TH
Remsen Alphas batting - Pitching for Chesapeake Continentals : RHP Jim Unknown
Batting: RHB Luke Turner 0-0: Called Strike
0-1: Ground out 6-3 (Groundball, 6)
Batting: RHB Hank Wilder 0-0: Ball
1-0: Ground out 1-3 (Groundball, 13S)
Batting: LHB Jerry Mitchell 0-0: Foul Ball, location: 2F
0-1: Ball
1-1: Foul Ball, location: 2F
1-2: SINGLE (Flyball, 7LM)
Batting: SHB Ed Garner 0-0: Ball
Wild Pitch!
Jerry Mitchell to second
1-0: Ground out 4-3 (Groundball, 4)
Bottom of the 5th over - 0 run(s), 1 hit(s), 0 error(s), 1 left on base; Chesapeake 5 - Remsen 0
TOP OF THE 6TH
Chesapeake Continentals batting - Pitching for Remsen Alphas : LHP Jim Unknown
Batting: LHB Thomas Campbell 0-0: Ball
1-0: Swinging Strike
1-1: Ball
2-1: Foul Ball, location: 2F
2-2: SINGLE (Line Drive, 8LS)
Batting: LHB Munemori Ohara 0-0: Ball
1-0: Called Strike
1-1: Ball
2-1: Called Strike
2-2: Foul Ball, location: 2F
2-2: Foul Ball, location: 2F
2-2: Fielders Choice at 2nd, 6-4 (Groundball, 6M)
Pitching: RHP Ramakota Yamni
Batting: RHB Kirk Wells 0-0: Ball
1-0: DOUBLE (Groundball, 3L)
Munemori Ohara to third
Batting: SHB Tim Roberts 0-0: Ball
1-0: Ball
2-0: Called Strike
2-1: Swinging Strike
2-2: SINGLE (Groundball, 34D)
Munemori Ohara scores
Kirk Wells to third
Runner from 3rd tries for Home, SAFE, throw made home
Batting: RHB Gustavo Varela 0-0: Ball
1-0: Ball
2-0: Called Strike
2-1: Foul Ball, location: 2F
2-2: Ball
3-2: Foul Ball, location: 2F
3-2: Foul Ball, location: 2F
3-2: Base on Balls
Tim Roberts to second
Batting: RHB Roger Lakes 0-0: Ball
1-0: Ball
2-0: SINGLE (Groundball, 34)
Tim Roberts to third
Gustavo Varela to second
Batting: RHB Brandon Reed 0-0: Called Strike
0-1: Foul Ball, location: 2F
0-2: Fly out, F6 (Line Drive, 6)
Batting: LHB John Robertson 0-0: Ball
1-0: Ball
Wild Pitch!
Tim Roberts scores
Gustavo Varela to third
Roger Lakes to second
2-0: Called Strike
2-1: Ball
3-1: Base on Balls
Pitching: RHP Esteban Ruíz
Batting: RHB Roy Williams 0-0: Ball
1-0: Foul Ball, location: 2F
1-1: Called Strike
1-2: Ball
2-2: Foul Ball, location: 2F
2-2: GRAND SLAM HOME RUN (Flyball, 7D), Distance : 351 ft
Batting: LHB Thomas Campbell 0-0: SINGLE (Groundball, 56D)
Batting: LHB Munemori Ohara 0-0: Ball
1-0: Called Strike
1-1: Ball
2-1: Ball
3-1: Called Strike
3-2: Fly out, F7 (Flyball, 7M)
Top of the 6th over - 7 run(s), 6 hit(s), 0 error(s), 1 left on base; Chesapeake 12 - Remsen 0
BOTTOM OF THE 6TH
Remsen Alphas batting - Pitching for Chesapeake Continentals : RHP Jim Unknown
Batting: LHB Jim Unknown 0-0: Ball
1-0: Swinging Strike
1-1: Foul Ball, location: 2F
1-2: Ball
2-2: Ball
3-2: Foul Ball, location: 2F
3-2: Strikes out swinging
Batting: RHB Marc Pratt 0-0: Ball
1-0: Called Strike
1-1: SINGLE (Groundball, 56D)
Batting: SHB Todd Hill 0-0: Called Strike
0-1: Ball
1-1: Foul Ball, location: 2F
1-2: Fly out, F8 (Line Drive, 8RS)
Batting: RHB Thatcher González 0-0: Ball
1-0: Foul Ball, location: 2F
1-1: Ball
2-1: Called Strike
2-2: Fly out, F9 (Line Drive, 9S)
Bottom of the 6th over - 0 run(s), 1 hit(s), 0 error(s), 1 left on base; Chesapeake 12 - Remsen 0
TOP OF THE 7TH
Chesapeake Continentals batting - Pitching for Remsen Alphas : RHP Esteban Ruíz
Batting: RHB Kirk Wells 0-0: Called Strike
0-1: Foul Ball, location: 2F
0-2: Foul Ball, location: 2F
0-2: Foul Ball, location: 2F
0-2: Ball
1-2: Foul Ball, location: 2F
1-2: Ball
2-2: Fly out, F9 (Line Drive, 9S)
Batting: SHB Tim Roberts 0-0: Ball
1-0: SINGLE (Line Drive, 8RS)
Batting: RHB Gustavo Varela 0-0: Called Strike
0-1: Ball
1-1: Fly out, F8 (Flyball, 89S)
Batting: RHB Roger Lakes 0-0: Ball
1-0: Called Strike
1-1: Foul Ball, location: 2F
1-2: Foul Ball, location: 2F
1-2: Ground out 4-3 (Groundball, 4)
Top of the 7th over - 0 run(s), 1 hit(s), 0 error(s), 1 left on base; Chesapeake 12 - Remsen 0
BOTTOM OF THE 7TH
Remsen Alphas batting - Pitching for Chesapeake Continentals : RHP Jim Unknown
Batting: RHB Bryan Wilson 0-0: Ball
1-0: Ball
2-0: Foul Ball, location: 2F
2-1: DOUBLE (Groundball, 5L)
Batting: RHB Luke Turner 0-0: Ground out 5-3 (Groundball, 5S)
Bryan Wilson to third
Batting: RHB Hank Wilder 0-0: Fly out, F9 (Flyball, 9LS)
Batting: LHB Jerry Mitchell 0-0: Fly out, F3 (Popup, 3F)
Bottom of the 7th over - 0 run(s), 1 hit(s), 0 error(s), 1 left on base; Chesapeake 12 - Remsen 0
TOP OF THE 8TH
Chesapeake Continentals batting - Pitching for Remsen Alphas : RHP Esteban Ruíz
Batting: RHB Brandon Reed 0-0: Ball
1-0: Swinging Strike
1-1: Called Strike
1-2: Ball
2-2: Foul Ball, location: 2F
2-2: Ball
3-2: Base on Balls
Batting: LHB John Robertson 0-0: Ball
1-0: Called Strike
1-1: SINGLE (Groundball, 34D)
Brandon Reed to second
Runner from 2nd tries for 3rd, OUT!
John Robertson to second
Batting: RHB Roy Williams 0-0: Called Strike
0-1: Ball
1-1: Fly out, F3 (Popup, 3F)
Batting: LHB Thomas Campbell 0-0: Called Strike
0-1: Foul Ball, location: 2F
0-2: SINGLE (Groundball, 34)
John Robertson to third
Runner from 3rd tries for Home, SAFE, no throw or cutoff
Batting: LHB Munemori Ohara 0-0: Foul Ball, location: 2F
0-1: Ball
1-1: Ball
Wild Pitch!
Thomas Campbell to second
2-1: Swinging Strike
2-2: Ball
3-2: Foul Ball, location: 2F
3-2: Base on Balls
Batting: RHB Kirk Wells 0-0: Called Strike
0-1: Ball
1-1: SINGLE (Groundball, 56S) (infield hit)
Thomas Campbell to third
Munemori Ohara to second
Batting: SHB Tim Roberts 0-0: Ball
1-0: Called Strike
1-1: Ball
2-1: Called Strike
2-2: Ground out 4-3 (Groundball, 4)
Top of the 8th over - 1 run(s), 3 hit(s), 0 error(s), 3 left on base; Chesapeake 13 - Remsen 0
BOTTOM OF THE 8TH
Remsen Alphas batting - Pitching for Chesapeake Continentals : RHP Jim Unknown
Batting: SHB Ed Garner 0-0: Foul Ball, location: 2F
0-1: Ball
1-1: Swinging Strike
1-2: Strikes out swinging
Batting: LHB Jim Unknown 0-0: Called Strike
0-1: Ball
1-1: Ball
2-1: Swinging Strike
2-2: Ball
3-2: Base on Balls
Batting: RHB Marc Pratt 0-0: Ball
1-0: Ball
2-0: 2-RUN HOME RUN (Flyball, 7D), Distance : 363 ft
Batting: SHB Todd Hill 0-0: Ball
1-0: Ball
2-0: Foul Ball, location: 2F
2-1: Ground out 4-3 (Groundball, 4M)
Batting: RHB Thatcher González 0-0: Called Strike
0-1: Called Strike
0-2: Strikes out swinging
Bottom of the 8th over - 2 run(s), 1 hit(s), 0 error(s), 0 left on base; Chesapeake 13 - Remsen 2
TOP OF THE 9TH
Chesapeake Continentals batting - Pitching for Remsen Alphas : RHP Esteban Ruíz
Pitching: RHP James Johnson
Batting: RHB Gustavo Varela 0-0: Ball
1-0: Ground out 3-1 (Groundball, 34S)
Batting: RHB Roger Lakes 0-0: Fly out, F2 (Popup, 3SF)
Batting: RHB Brandon Reed 0-0: Ball
1-0: Called Strike
1-1: Ball
2-1: Fly out, F7 (Flyball, 78M)
Top of the 9th over - 0 run(s), 0 hit(s), 0 error(s), 0 left on base; Chesapeake 13 - Remsen 2
BOTTOM OF THE 9TH
Remsen Alphas batting - Pitching for Chesapeake Continentals : RHP Jim Unknown
Pitching: RHP Jim Unknown
Batting: RHB Bryan Wilson 0-0: Bunted foul
0-1: Foul Ball, location: 2F
0-2: Ball
1-2: Strikes out swinging
Batting: RHB Luke Turner 0-0: Ball
1-0: Foul Ball, location: 2F
1-1: Called Strike
1-2: Fly out, F8 (Flyball, 8LM)
Pinch Hitting: SHB Jim Unknown 0-0: Called Strike
0-1: Foul Ball, location: 2F
0-2: Foul Ball, location: 2F
0-2: Ball
1-2: Ball
2-2: Fly out, F3 (Popup, 34S)
Bottom of the 9th over - 0 run(s), 0 hit(s), 0 error(s), 0 left on base; Chesapeake 13 - Remsen 2
This league is powered by Out of the Park Baseball, the baseball management simulation game for PC, Mac and Linux
Saturday, February 27th, 2021 - OOTP Baseball 15.6 Build 34